 Dungeon Crawl Stone Soup version 0.23.2-1-ga50397a (webtiles) character file.

Game seed: 5516248353987016036

39463 diana the Cruncher (level 13, -31/103 HPs)
             Began as a Demonspawn Gladiator on May 20, 2019.
             Was the Champion of Makhleb.
             Annihilated by a death yak (47 damage)
             ... on level 5 of the Lair of Beasts.
             The game lasted 00:31:23 (15489 turns).

diana the Cruncher (Demonspawn Gladiator)          Turns: 15489, Time: 00:31:24

Health: -31/103    AC: 23    Str: 29    XL:     13   Next: 69%
Magic:  0/17       EV: 18    Int: 10    God:    Makhleb [******]
Gold:   1627       SH:  0    Dex: 14    Spells: 12/12 levels left

rFire    + . .     SeeInvis .   U - +1 quarterstaff (protect)
rCold    + . .     Gourm    .   (shield currently unavailable)
rNeg     + + .     Faith    .   J - +4 chain mail of Laemaap {Str+9}
rPois    .         Spirit   +   (helmet restricted)
rElec    +         Reflect  .   A - +0 cloak {+Inv}
rCorr    .         Harm     .   y - +1 pair of gloves
MR       .....     NoTele   +   (no boots)
Stlth    ..........             v - amulet of guardian spirit
HPRegen  0.27/turn              s - ring "Woofylett" {-Tele rElec rF+ rN++ Stlth-}
MPRegen  0.15/turn              F - +4 ring of protection

@: sleeping
A: horns 2, repulsion field 2, cold resistance 1, spiny 2, freezing cloud
immunity
a: Minor Destruction, Lesser Servant of Makhleb, Major Destruction, Greater
Servant of Makhleb, Renounce Religion, Evoke Invisibility


You were on level 5 of the Lair of Beasts.
You worshipped Makhleb.
Makhleb was exalted by your worship.
You were very hungry.

You visited 2 branches of the dungeon, and saw 17 of its levels.
You also visited: Bailey and Gauntlet.

You collected 1627 gold pieces.

Inventory:

Hand Weapons
 w - a +6 arbalest of velocity
 U - a +1 quarterstaff of protection (weapon)
Armour
 y - a +1 pair of gloves (worn)
 A - a +0 cloak of invisibility (worn)
 J - the +4 chain mail of Laemaap (worn) {Str+9}
   (You took it off an orc warrior on level 7 of the Dungeon)

   It affects your strength (+9).
 K - a +1 hat of magic resistance
Jewellery
 s - the ring "Woofylett" (left hand) {-Tele rElec rF+ rN++ Stlth-}
   (You found it on level 5 of the Dungeon)

   [ring of attention]

   It protects you from fire.
   It insulates you from electricity.
   It greatly protects you from negative energy.
   It prevents most forms of teleportation.
   It makes you less stealthy.
 v - an amulet of guardian spirit (around neck)
 F - a +4 ring of protection (right hand)
 I - an uncursed amulet of regeneration
 Y - an uncursed ring of flight {unknown}
Wands
 i - a wand of iceblast (42)
 x - a wand of scattershot (9)
 B - a wand of digging (18)
 D - a wand of polymorph (13)
 M - a wand of paralysis (7)
 R - a wand of enslavement (12)
 T - a wand of acid (9)
Scrolls
 a - a scroll of blinking
 b - 2 scrolls of immolation
 d - 3 scrolls of magic mapping
 h - 10 scrolls of enchant armour
 k - 10 scrolls of teleportation
 m - 11 scrolls of remove curse
 q - a scroll of torment {unknown}
 r - 2 scrolls of random uselessness {unknown}
 E - 2 scrolls of identify
 L - a scroll of fear
 N - a scroll of amnesia
 P - a scroll of noise {unknown}
 Q - a scroll of brand weapon
 V - a scroll of enchant weapon {unknown}
 W - 2 scrolls of summoning {unknown}
 X - a scroll of fog {unknown}
Potions
 c - 4 potions of lignification
 e - a potion of cancellation {unknown}
 g - 4 potions of curing
 j - 5 potions of agility
 l - 2 potions of berserk rage {unknown}
 n - 3 potions of magic {unknown}
 o - 3 potions of ambrosia {unknown}
 p - 5 potions of might
 t - a potion of invisibility
 u - 4 potions of flight {unknown}
 z - a potion of degeneration {unknown}
 C - a potion of brilliance {unknown}
 G - 2 potions of haste {unknown}
 O - 5 potions of resistance {unknown}
 S - a potion of heal wounds {unknown}
Miscellaneous
 H - 2 boxes of beasts
Comestibles
 f - 33 rations


   Skills:
 + Level 10.2 Fighting
 * Level 13.7 Staves
 - Level 2.0 Throwing
 + Level 9.8 Armour
 + Level 10.3 Dodging
 - Level 6.2 Invocations


You had 12 spell levels left.
You didn't know any spells.
Your spell library contained the following spells:

 Spells                   Type           Power        Failure   Level  Hunger
 Animate Skeleton         Necr           N/A          83%         1    ##.....
 Apportation              Tloc           #.....       83%         1    ##.....
 Beastly Appendage        Tmut           #.....       83%         1    ##.....
 Confusing Touch          Hex            #.....       83%         1    ##.....
 Infusion                 Chrm           #...         83%         1    ##.....
 Magic Dart               Conj           #...         83%         1    ##.....
 Sandblast                Erth           #.....       83%         1    ##.....
 Summon Butterflies       Summ           #.......     83%         1    ##.....
 Summon Small Mammal      Summ           #...         83%         1    ##.....
 Blink                    Tloc           N/A          93%         2    ###....
 Call Imp                 Summ           #.......     93%         2    ###....
 Passwall                 Tmut/Erth      #.......     93%         2    ###....
 Poisonous Vapours        Pois/Air       #.....       93%         2    ###....
 Shroud of Golubria       Chrm/Tloc      #.........   93%         2    ###....
 Slow                     Hex            #.......     93%         2    ###....
 Song of Slaying          Chrm           #.......     93%         2    ###....
 Sticks to Snakes         Tmut           #.......     93%         2    ###....
 Confuse                  Hex            #.......     99%         3    ####...
 Conjure Flame            Conj/Fire      #.......     99%         3    ####...
 Gell's Gravitas          Tloc           #.........   99%         3    ####...
 Mephitic Cloud           Conj/Pois/Air  #.......     99%         3    ####...
 Regeneration             Chrm/Necr      #.........   99%         3    ####...
 Spectral Weapon          Hex/Chrm       #.......     99%         3    ####...
 Spider Form              Tmut/Pois      #.........   99%         3    ####...
 Static Discharge         Conj/Air       #.......     99%         3    ####...
 Stone Arrow              Conj/Erth      #.....       99%         3    ####...
 Airstrike                Air            #.........   100%        4    #####..
 Cause Fear               Hex            #.........   100%        4    #####..
 Ice Form                 Ice/Tmut       #.......     100%        4    #####..
 Petrify                  Tmut/Erth      #.......     100%        4    #####..
 Blade Hands              Tmut           #.........   100%        5    ######.
 Lee's Rapid Deconstruct  Erth           #.........   100%        5    ######.
 Metabolic Englaciation   Hex/Ice        #.........   100%        5    ######.
 Silence                  Hex/Air        #.........   100%        5    ######.
 Yara's Violent Unravell  Hex/Tmut       #.........   100%        5    ######.
 Deflect Missiles         Chrm/Air       #.........   100%        6    #######
 Freezing Cloud           Conj/Ice/Air   #.........   100%        6    #######
 Ring of Flames           Chrm/Fire      #.........   100%        7    #######
 Summon Hydra             Summ           #.........   100%        7    #######
 Discord                  Hex            #.........   100%        8    #######


Dungeon Overview and Level Annotations

Branches:
Dungeon (12/15)            Temple (0/1) D:5            Lair (5/6) D:9
 Shoals (0/4) Lair:4       Spider (0/4) Lair:2          Orc (0/2) D:9
  Slime: Lair:5-6

Altars:
Ashenzari
Elyvilon
Fedhas
Hepliaklqana
Makhleb
Nemelex Xobeh
Okawaru
Trog
Uskayaw
Vehumet
Wu Jian
Yredelemnul
Zin
The Shining One
Beogh

Shops:
D:4 *   D:10 (}[[

Annotations:
D:9 2 transporters, xight's ghost, novice DEFE
Lair:5 1 runed translucent door, Renad's ghost, journeyman OpHu


Innate Abilities, Weirdness & Mutations

You have a pair of horns on your head.
You are surrounded by a moderate repulsion field. (EV +3)
Your flesh is cold resistant. (rC+)
You are mostly covered in sharp spines.
You are immune to freezing clouds.


Message History

Makhleb accepts your kill.
You feel better.
The dream sheep bites the bush but does no damage.
Unknown command.
The dream sheep completely misses the bush.
Renad's ghost lets out a mournful wail.
A demon appears!
The dream sheep shake their wool and sparkle.
You feel drowsy...
You fall asleep.
The death yak is struck by your spines. The death yak completely misses you.
The dream sheep misses you. The death yak is struck by your spines.
The death yak barely misses you. The dream sheep misses you.
The dream sheep bites the bush.
The death yak gores you but does no damage.
The dream sheep misses you.
The dream sheep bites the bush but does no damage.
The dream sheep bites the bush but does no damage.
The death yak is struck by your spines. The death yak gores you!!!
You die...

.........##....
...............
.Y.....[.....#
.Y..........[#
YY......Y....
#...P....l##
....#.....Y#####
......#..PYY#..#
........YYYY@2.##
.......^.YY###..##
..........##W##..####
#.#......##...##..#.#
.?......##..!.!##..##
......#.#⌠.%♣!.⌠#..P#
#..#....##.....##...#
........P.##...##...##
###........P..##.##.....#


You could see 4 death yaks, a komodo dragon, 6 dream sheep, Renad's ghost and a
friendly blizzard demon.

Vanquished Creatures
  An entropy weaver (Gauntlet)
  Josephine (D:11)
  Erolcha (D:11)
  4 hydras
  4 two-headed ogres
  Erica (D:9)
  A wolf spider zombie (D:12)
  3 orc knights (Bailey)
  An oklob plant (Lair:4)
  A wolf spider (Lair:2)
  A manticore (Lair:4)
  A cyclops (D:12)
  2 ugly things (D:12)
  2 torpor snails
  A guardian serpent (D:10)
  A moth of wrath (Gauntlet)
  A black mamba (Lair:1)
  A gargoyle (D:11)
  3 spiny frogs
  Joseph (D:9)
  2 komodo dragons
  A troll (D:12)
  A polar bear (Lair:3)
  A queen bee (D:9)
  3 jumping spiders (Lair:2)
  16 blink frogs
  5 hippogriffs
  5 hornets
  7 dream sheep
  A shadow (D:11)
  2 redbacks
  9 yaks
  3 wraiths (D:11)
  3 hungry ghosts
  A basilisk (Lair:4)
  Grum (D:11)
  A two-headed ogre zombie (D:9)
  10 water moccasins
  6 porcupines
  Duvessa (D:5)
  3 sky beasts
  4 black bears
  11 orc warriors
  2 hornet zombies
  5 phantoms
  9 ogres
  2 necrophages (D:8)
  10 centaurs
  7 wolves
  6 crocodiles
  Blork the orc (D:4)
  2 big kobolds (D:11)
  9 bullfrogs
  Dowan (D:5)
  A wyvern skeleton (D:8)
  4 scorpions
  38 killer bees
  3 troll zombies (D:9)
  3 wights (D:9)
  3 electric eels (Lair:1)
  7 crimson imps
  2 bullfrog zombies
  4 hounds
  A bullfrog skeleton (D:12)
  6 orc priests
  12 orc wizards
  3 centaur skeletons
  5 jellies
  An iguana (D:4)
  13 worker ants
  3 ogre zombies (D:9)
  A hound zombie (D:11)
  A hound skeleton (D:7)
  Robin (D:4)
  21 adders
  5 shadow imps
  An adder zombie (D:6)
  2 worms
  2 dart slugs (D:1)
  10 leopard geckos
  49 orcs
  5 bats
  9 giant cockroaches
  22 goblins
  9 hobgoblins
  9 jackals
  18 kobolds
  8 quokkas
  3 frilled lizards
  4 goblin skeletons
  5 goblin zombies
  2 hobgoblin skeletons (D:9)
  4 hobgoblin zombies
  2 kobold skeletons (D:7)
  A kobold zombie (D:7)
  4 orc skeletons
  12 orc zombies
  A quokka skeleton (D:6)
  11 rats
  2 plants (Lair:3)
516 creatures vanquished.

Vanquished Creatures (collateral kills)
  A minotaur (Gauntlet)
  The ghost of goulibeur the Envoy of Void, an amateur DsAK of Lugonu (D:7)
  2 orc warriors (D:7)
  A killer bee (D:9)
  An orc priest (D:7)
  An orc (D:7)
  A goblin zombie (D:9)
  2 orc zombies (D:9)
10 creatures vanquished.

Vanquished Creatures (others)
  An orc wizard (D:5)
  6 plants
  14 withered plants (Gauntlet)
21 creatures vanquished.

Grand Total: 547 creatures vanquished

Notes
Turn   | Place    | Note
-------+----------+-------------------------------------------
     0 | D:1      | diana the Demonspawn Gladiator began the quest for the Orb.
     0 | D:1      | Reached XP level 1. HP: 16/16 MP: 1/1
   158 | D:1      | Gained mutation: You are partially covered in sharp spines.
                  | [demonic ancestry]
   158 | D:1      | Reached XP level 2. HP: 22/22 MP: 2/2
   621 | D:1      | Reached skill level 3 in Staves
   759 | D:2      | Gained mutation: Your flesh is cold resistant. (rC+)
                  | [demonic ancestry]
   759 | D:2      | Reached XP level 3. HP: 27/27 MP: 3/3
   833 | D:2      | You fall through a shaft for 2 floors!
   837 | D:4      | Found a burning altar of Makhleb.
   842 | D:4      | Found a glowing silver altar of Zin.
   842 | D:4      | Noticed a balrug
   842 | D:4      | Noticed an angel
   845 | D:4      | Became a worshipper of Makhleb the Destroyer
   884 | D:4      | Found a white marble altar of Elyvilon.
   902 | D:4      | Noticed an ogre
   938 | D:3      | Reached skill level 1 in Armour
   938 | D:3      | Gained mutation: You are immune to freezing clouds.
                  | [demonic ancestry]
   938 | D:3      | Reached XP level 4. HP: 32/33 MP: 4/4
  1229 | D:3      | Gained mutation: You have a pair of small horns on your
                  | head. [demonic ancestry]
  1229 | D:3      | Reached XP level 5. HP: 30/38 MP: 5/5
  1294 | D:3      | Reached skill level 4 in Staves
  1570 | D:2      | Reached * piety under Makhleb
  2115 | D:3      | Noticed an ogre
  2123 | D:3      | Killed an ogre
  2123 | D:3      | Gained mutation: You are mostly covered in sharp spines.
                  | [demonic ancestry]
  2123 | D:3      | Reached XP level 6. HP: 11/44 MP: 6/6
  2568 | D:3      | Reached skill level 5 in Staves
  2757 | D:3      | Reached ** piety under Makhleb
  2780 | D:3      | Found a sparkling altar of Nemelex Xobeh.
  3017 | D:4      | Noticed Robin
  3092 | D:4      | Reached XP level 7. HP: 42/50 MP: 7/7
  3339 | D:4      | Noticed Blork the orc
  3352 | D:4      | Killed Blork the orc
  3475 | D:4      | Found Duashro's Assorted Antiques.
  3510 | D:4      | Killed Robin
  3588 | D:4      | Reached skill level 6 in Staves
  3593 | D:5      | Entered Level 5 of the Dungeon
  3721 | D:5      | Reached skill level 5 in Dodging
  3721 | D:5      | Reached skill level 1 in Invocations
  3838 | D:5      | Reached XP level 8. HP: 43/57 MP: 8/8
  3878 | D:5      | Found a staircase to the Ecumenical Temple.
  3878 | D:5      | Noticed Dowan
  3881 | D:5      | Noticed Duvessa
  3984 | D:5      | Killed Duvessa
  4001 | D:5      | Killed Dowan
  4045 | D:5      | Identified the Incunabulum of Calling and Flight
  4088 | D:5      | Got a warped brass ring
  4100 | D:5      | Found a basalt altar of Yredelemnul.
  4116 | D:5      | Reached *** piety under Makhleb
  4383 | D:5      | Reached skill level 7 in Staves
  4446 | D:5      | Found an ornate altar of the Wu Jian Council.
  4702 | D:6      | Gained mutation: You are surrounded by a mild repulsion
                  | field. (EV +2) [demonic ancestry]
  4702 | D:6      | Reached XP level 9. HP: 65/65 MP: 11/11
  4953 | D:6      | Identified the ring "Woofylett" {-Tele rElec rF+ rN++
                  | Stlth-} (You found it on level 5 of the Dungeon)
  5022 | D:6      | Reached **** piety under Makhleb
  5098 | D:6      | Found a shattered altar of Ashenzari.
  5204 | D:7      | Reached skill level 5 in Armour
  5218 | D:7      | Reached skill level 8 in Staves
  5405 | D:7      | Found a glowing golden altar of the Shining One.
  5470 | D:7      | Found a runed translucent gate.
  5471 | D:7      | Found a runed translucent gate.
  5472 | D:7      | Found a runed translucent gate.
  5473 | D:7      | Noticed goulibeur's ghost (amateur DsAK)
  5474 | D:7      | Identified the +4 whip of Timac {speed, rF- Str+2 SInv}
  5474 | D:7      | Identified the +4 chain mail of Laemaap {Str+9}
  5480 | D:7      | Noticed a +0 hand axe
  5482 | D:7      | Noticed a +0 hand axe
  5484 | D:7      | Found a hide-covered altar of Uskayaw.
  5489 | D:7      | Reached skill level 5 in Invocations
  5546 | D:7      | Identified the +1 flail of Gehenna {flame, +Fly rElec}
  5726 | D:7      | Found an iron altar of Okawaru.
  6110 | D:7      | Found a roughly hewn altar of Beogh.
  6142 | D:8      | Reached skill level 5 in Fighting
  6194 | D:8      | Reached XP level 10. HP: 74/74 MP: 14/14
  6308 | D:8      | Noticed a two-headed ogre
  6325 | D:8      | Killed a two-headed ogre
  6325 | D:8      | Reached skill level 9 in Staves
  6567 | D:8      | Reached ***** piety under Makhleb
  6780 | D:8      | Found a hazy altar of Hepliaklqana.
  6780 | D:8      | Noticed a two-headed ogre
  6788 | D:8      | Killed a two-headed ogre
  7000 | D:9      | Found a bloodstained altar of Trog.
  7005 | D:9      | Noticed xight's ghost (novice DEFE)
  7022 | D:9      | Found a staircase to the Lair.
  7048 | D:9      | Noticed a two-headed ogre
  7400 | D:9      | Noticed Erica
  7412 | D:9      | Killed Erica
  7420 | D:9      | Reached skill level 10 in Staves
  7719 | D:9      | Reached XP level 11. HP: 83/83 MP: 15/15
  7770 | D:9      | Found a staircase to the Orcish Mines.
  7788 | D:9      | Found a radiant altar of Vehumet.
  7826 | D:9      | You fall through a shaft!
  7826 | D:10     | Entered Level 10 of the Dungeon
  7850 | D:10     | Paralysed by a hornet for 1 turns
  7875 | D:10     | Found Cohaugan's Antique Weapon Shop.
  7908 | D:10     | Found a flagged portal.
  7961 | Bailey   | Entered a bailey
  7961 | Bailey   | Noticed an orc knight
  7961 | Bailey   | Noticed an orc knight
  8098 | Bailey   | Killed an orc knight
  8453 | Bailey   | Killed an orc knight
  8481 | Bailey   | Noticed an orc knight
  8501 | Bailey   | Killed an orc knight
  8812 | D:9      | Found a transporter.
  8861 | D:9      | Found a transporter.
  8970 | D:9      | Reached ****** piety under Makhleb
  9038 | D:9      | Reached skill level 11 in Staves
  9077 | D:9      | Noticed Joseph
  9089 | D:9      | Killed Joseph
  9270 | D:7      | Killed goulibeur's ghost
  9780 | D:10     | Found Narop's Gadget Shop.
  9785 | D:10     | Found Dimupob's Armour Boutique.
  9987 | D:10     | Found Cusoc's Antique Armour Emporium.
 10254 | D:11     | Noticed Josephine
 10319 | D:11     | Killed a two-headed ogre
 10349 | D:11     | Killed Josephine
 10356 | D:11     | Gained mutation: You are surrounded by a moderate repulsion
                  | field. (EV +3) [demonic ancestry]
 10356 | D:11     | Reached XP level 12. HP: 92/92 MP: 16/16
 10566 | D:11     | Noticed Grum
 10584 | D:11     | Killed Grum
 10637 | D:11     | Noticed Erolcha
 10650 | D:11     | Killed Erolcha
 10661 | D:11     | Noticed a two-headed ogre
 10676 | D:11     | Killed a two-headed ogre
 10679 | D:11     | Reached skill level 12 in Staves
 10925 | D:11     | Found a blossoming altar of Fedhas.
 11056 | D:12     | Noticed a five-headed hydra
 11073 | D:12     | Killed a five-headed hydra
 11278 | Lair:1   | Entered Level 1 of the Lair of Beasts
 11395 | Lair:1   | You fall through a shaft!
 11462 | Lair:2   | Noticed a six-headed hydra
 11473 | Lair:2   | Killed a six-headed hydra
 11786 | Lair:2   | Found a hole to the Spider Nest.
 11803 | Lair:2   | Gained mutation: You have a pair of horns on your head.
                  | [demonic ancestry]
 11803 | Lair:2   | Reached XP level 13. HP: 79/101 MP: 8/17
 12154 | Lair:1   | Reached skill level 13 in Staves
 12211 | Lair:1   | Found a hide-covered altar of Uskayaw.
 12847 | Lair:3   | Found a gate leading to a gauntlet.
 12855 | Gauntlet | Entered a Gauntlet
 12855 | Gauntlet | Found a transporter.
 12855 | Gauntlet | Found a transporter.
 12855 | Gauntlet | Found a transporter.
 12868 | Gauntlet | Found a transporter.
 12870 | Gauntlet | Found a transporter.
 12876 | Gauntlet | Found a transporter.
 12879 | Gauntlet | Found a transporter.
 12881 | Gauntlet | Noticed an entropy weaver
 12887 | Gauntlet | Found a transporter.
 12905 | Gauntlet | Found a transporter.
 12922 | Gauntlet | Found a transporter.
 12925 | Gauntlet | Found a transporter.
 12935 | Gauntlet | Found a transporter.
 13142 | Gauntlet | Killed an entropy weaver
 13142 | Gauntlet | Reached skill level 10 in Dodging
 13155 | Gauntlet | Got a bloodstained cloak
 13166 | Gauntlet | Identified the +2 cloak "Bicoal" {rN+++ rCorr Dex-4 Slay-4}
                  | (You found it in a Gauntlet)
 13192 | Gauntlet | Noticed a minotaur
 13203 | Gauntlet | Killed a minotaur
 13208 | Gauntlet | Got a heavily runed leather armour
 13219 | Gauntlet | Identified the +3 leather armour of the Dice {Int+5} (You
                  | found it in a Gauntlet)
 14598 | Lair:4   | Found a staircase to the Shoals.
 14744 | Lair:4   | Reached skill level 10 in Fighting
 15402 | Lair:5   | Found a runed translucent door.
 15403 | Lair:5   | Noticed Renad's ghost (journeyman OpHu)
 15489 | Lair:5   | Annihilated by a death yak

Skill      XL: |  1  2  3  4  5  6  7  8  9 10 11 12 13 |
---------------+----------------------------------------+-----
Throwing       | 2 |  2.0
Dodging        | 3 4 5 6 7 8 9 10 | 10.3
Staves         | 3 4 5 6 7 8 10 11 12 13 | 13.7
Armour         | 1 2 3 4 5 6 7 9 |  9.8
Invocations    | 1 3 5 6 |  6.2
Fighting       | 3 5 6 8 9 10 | 10.2

Action                   |  1- 3 |  4- 6 |  7- 9 | 10-12 | 13-15 || total
-------------------------+-------+-------+-------+-------+-------++-------
Melee: Quarterstaff      |    70 |   134 |   281 |   663 |   227 ||  1375
       Headbutt          |       |    16 |    55 |   167 |    74 ||   312
 Fire: Arbalest          |       |       |       |    20 |       ||    20
Throw: Throwing net      |       |       |       |     3 |       ||     3
Invok: Lesser Servant of |       |       |       |     5 |     2 ||     7
       Major Destruction |       |       |       |     1 |       ||     1
       Minor Destruction |       |       |       |     5 |       ||     5
       Greater Servant o |       |       |       |       |     1 ||     1
Evoke: Wand              |       |       |       |     4 |       ||     4
  Use: Scroll            |       |       |     5 |     9 |     5 ||    19
       Potion            |       |       |       |     2 |     5 ||     7
  Eat: Chunk             |       |     6 |    10 |    11 |     4 ||    31
       Ration            |       |       |       |     3 |     2 ||     5
Armor: Ring mail         |    17 |    29 |    65 |   100 |       ||   211
       Leather armour    |     1 |       |       |       |       ||     1
       Chain mail        |       |       |       |   181 |   112 ||   293
Dodge: Dodged            |    54 |    86 |   166 |   544 |   170 ||  1020
